cohdb
Replays
Latest Replays
All Replays
Popular Replays
Top Player Replays
Match Explorer
How It Works
Community
CoH3 Stats
Reddit
Sign in to upload your games and track your stats! →
Sign in with Steam
I try Rangers again, a little better
Match 34431391
Overview
Messages
Build Orders
End
Panzergrenadier Squad
Selects Italian Infantry
250 Light Carrier
Panzergrenadier Squad
Construct Light Support Kompanie
Panzergrenadier Squad
Fire Support Elements
le.IG 18 Support Gun Team
Flakvierling Half-track
Pak 38 Anti-tank Gun Team
Construct Panzerarmee Kommand
Selects Guastatori Squad
Selects L6/40 Light Tank Combat Group
Selects Defensive Operations
Selects Territory Booby Traps
Guastatori Squad
Advanced Field Repairs
Tungsten Core Ammunition
2.5-tonne Medical Truck
Panzer III L Medium Tank
Guastatori Squad
Selects Towed Cannone da 105/28 Field Howitzer
Panzer III L Medium Tank
Panzer III L Medium Tank
Selects Obice 305mm Barrage
Guastatori Squad
Obice 305mm Barrage
Armored Reserves
Guastatori Squad
Obice 305mm Barrage
Tiger Heavy Tank
Flak 36 Anti-tank Gun Team
Osmose
Slavija Blyat
TTN COL KARL
PerritoNegro26
Orm
broodwarjc
SuspectMule
Catatau
0
0
Comments
sign in to comment!
No comments posted yet!